Build Orders - Match 26366123 - cohdb - Company of Heroes 3 Replays
cohdb
Replays
Latest Replays
All Replays
Popular Replays
Top Player Replays
Match Explorer
How It Works
Community
CoH3 Stats
Reddit
Sign in to upload your games and track your stats! →
Sign in with Steam
Match 26366123
Unlisted
Match 26366123
Overview
Messages
Build Orders
End
Construct Barracks
Riflemen Squad
M1 Mortar Team
Riflemen Squad
Riflemen Squad
Infantry Support Center
Construct Motor Pool
Selects Advanced Infantry Battlegroup
Selects Convert to Ranger Squad
Selects Frontline Medical Station
M8 Greyhound Armored Car
Frontline Medical Station
Engineer Squad
Grenade Package
M1918 Browning Automatic Rifles
Munitions Surplus
Selects Ammunition Storage
Selects M2A1 105mm Howitzer Emplacement
M1 Anti-tank Gun Team
Selects Free Fire Drills
Selects Infantry Assault
Convert to Ranger Squad
Infantry Assault
M24 Chaffee Light Tank
Construct Tank Depot
Frontline Medical Station
Infantry Assault
M18 Hellcat Tank Destroyer
101st.Airbone
我就喜欢干拉
Maximo1877
伊吹
upham76
Kalof
R19
shindoayane
0
0
Comments
sign in to comment!
No comments posted yet!